| TOP OF THE 1ST |
|
Missoula Osprey batting - Pitching for San Diego (APP) Padres : RHP Sean Fowler
|
|
Pitching: RHP Sean Fowler
|
|
|
Batting: RHB Ernesto Zamora
|
0-0: Foul Ball, location: 2F 0-1: Ground out 5-3 (Groundball, 56S, EV 85.6 MPH)
|
|
Batting: SHB Lee Dillon
|
0-0: Ball 1-0: Foul Ball, location: 2F 1-1: Ground out 1-3 (Groundball, 13S, EV 70.6 MPH)
|
|
Batting: SHB Evan Armagost
|
0-0: Called Strike 0-1: Called Strike 0-2: Ball 1-2: Foul Ball, location: 2F 1-2: Foul Ball, location: 2F 1-2: Ground out 6-3 (Groundball, 6, EV 109.4 MPH)
|
| Top of the 1st over - 0 runs, 0 hits, 0 errors, 0 left on base; Missoula 0 - San Diego (APP) 0 |
| BOTTOM OF THE 1ST |
|
San Diego (APP) Padres batting - Pitching for Missoula Osprey : RHP Dan Thompson
|
|
Pitching: RHP Dan Thompson
|
|
|
Batting: LHB Phil Lerner
|
0-0: Foul Ball, location: 2F 0-1: Ground out 6-3 (Groundball, 6MS, EV 66.2 MPH)
|
|
Batting: RHB Ryan Tatum
|
0-0: Foul Ball, location: 2F 0-1: Ball 1-1: Called Strike 1-2: Foul Ball, location: 2F 1-2: SINGLE (Flyball, 56D, EV 91.9 MPH)
|
|
Batting: LHB Hugo MacBeth
|
0-0: Called Strike 0-1: TRIPLE (Line Drive, 89XD, EV 113.1 MPH) Ryan Tatum scores
|
|
Batting: RHB Tom Tate
|
0-0: Ball 1-0: Ball 2-0: Ball 3-0: Base on Balls
|
|
Batting: LHB Carlos Cuellar
|
0-0: Called Strike 0-1: SINGLE (Groundball, 56D, EV 100.0 MPH) Hugo MacBeth scores Tom Tate to second
|
|
Batting: RHB Aaron Joseph
|
0-0: Called Strike 0-1: Swinging Strike 0-2: Ball 1-2: Foul Ball, location: 2F 1-2: Ball 2-2: Foul Ball, location: 2F 2-2: Strikes out swinging
|
|
Pitching: LHP Heath Henderson
|
|
|
Batting: RHB Tyler West
|
0-0: Called Strike 0-1: Ball 1-1: Foul Ball, location: 2F 1-2: Strikes out looking
|
| Bottom of the 1st over - 2 runs, 3 hits, 0 errors, 2 left on base; Missoula 0 - San Diego (APP) 2 |
| TOP OF THE 2ND |
|
Missoula Osprey batting - Pitching for San Diego (APP) Padres : RHP Sean Fowler
|
|
Batting: SHB Blaine Peters
|
0-0: Ball 1-0: Ball 2-0: Called Strike 2-1: Ball 3-1: Ground out 5-3 (Groundball, 56D, EV 91.9 MPH)
|
|
Batting: LHB Enrique Ponce
|
0-0: Foul Ball, location: 2F 0-1: Foul Ball, location: 2F 0-2: Strikes out swinging
|
|
Batting: RHB Antonio Luisa
|
0-0: Called Strike 0-1: Called Strike 0-2: Ground out 6-3 (Groundball, 6, EV 81.2 MPH)
|
| Top of the 2nd over - 0 runs, 0 hits, 0 errors, 0 left on base; Missoula 0 - San Diego (APP) 2 |
| BOTTOM OF THE 2ND |
|
San Diego (APP) Padres batting - Pitching for Missoula Osprey : LHP Heath Henderson
|
|
Batting: RHB Max Stillo
|
0-0: Swinging Strike 0-1: Ball 1-1: Swinging Strike 1-2: Foul Ball, location: 2F 1-2: Strikes out swinging
|
|
Batting: RHB Brent Little
|
0-0: Ball 1-0: Called Strike 1-1: Ball 2-1: Called Strike 2-2: Ball 3-2: Base on Balls
|
|
Batting: LHB Phil Lerner
|
0-0: Called Strike 0-1: Ball 1-1: SINGLE (Groundball, 4MD, EV 106.9 MPH) Brent Little to second
|
|
Pitching: RHP Rick Foster
|
|
|
Batting: RHB Ryan Tatum
|
0-0: Ball 1-0: Called Strike 1-1: Called Strike 1-2: Strikes out looking
|
|
Batting: LHB Hugo MacBeth
|
0-0: Fly out, F7 (Flyball, 7LS, EV 98.1 MPH)
|
| Bottom of the 2nd over - 0 runs, 1 hit, 0 errors, 2 left on base; Missoula 0 - San Diego (APP) 2 |
| TOP OF THE 3RD |
|
Missoula Osprey batting - Pitching for San Diego (APP) Padres : RHP Sean Fowler
|
|
Batting: LHB Jeff Harmon
|
0-0: Ball 1-0: Ball 2-0: Foul Ball, location: 2F 2-1: Foul Ball, location: 2F 2-2: Ball 3-2: Ground out 6-3 (Groundball, 6, EV 98.1 MPH)
|
|
Batting: RHB Sergio Manzanero
|
0-0: Ball 1-0: Called Strike 1-1: Foul Ball, location: 2F 1-2: Ball 2-2: Strikes out swinging
|
|
Batting: LHB Tae-geun Kwang
|
0-0: Called Strike 0-1: DOUBLE (Groundball, 3L, EV 103.8 MPH)
|
|
Batting: RHB Ernesto Zamora
|
0-0: Called Strike 0-1: Ball 1-1: Foul Ball, location: 2F 1-2: Foul Ball, location: 2F 1-2: Foul Ball, location: 2F 1-2: Foul Ball, location: 2F 1-2: SINGLE (Line Drive, 4MD, EV 96.2 MPH) Tae-geun Kwang to third Runner from 3rd tries for Home, throw by CF and OUT! 8-2
|
| Top of the 3rd over - 0 runs, 2 hits, 0 errors, 1 left on base; Missoula 0 - San Diego (APP) 2 |
| BOTTOM OF THE 3RD |
|
San Diego (APP) Padres batting - Pitching for Missoula Osprey : RHP Rick Foster
|
|
Batting: RHB Tom Tate
|
0-0: Swinging Strike 0-1: Reached on error, E2 (Groundball, 2R, EV 63.1 MPH)
|
|
Batting: LHB Carlos Cuellar
|
0-0: Called Strike 0-1: Ball 1-1: Ball 2-1: Ball 3-1: Base on Balls
|
|
Batting: RHB Aaron Joseph
|
0-0: SINGLE (Groundball, 56S, EV 76.9 MPH) (infield hit) Tom Tate to third Carlos Cuellar to second
|
|
Batting: RHB Tyler West
|
0-0: Called Strike 0-1: Ball 1-1: SINGLE (Groundball, 4M, EV 103.8 MPH) (infield hit) Tom Tate scores Carlos Cuellar to third Aaron Joseph to second
|
|
Batting: RHB Max Stillo
|
0-0: Ball 1-0: Called Strike 1-1: Foul Ball, location: 2F 1-2: SINGLE (Groundball, 4D, EV 108.1 MPH) Carlos Cuellar scores Aaron Joseph to third Tyler West to second Throwing error, E8 Aaron Joseph scores Tyler West to third Max Stillo to second
|
|
Pitching: RHP Alan Muth
|
|
|
Batting: RHB Brent Little
|
0-0: Ball 1-0: Ball 2-0: Called Strike 2-1: Ball 3-1: Ground out U3 (Groundball, 34S, EV 87.5 MPH) Tyler West scores Max Stillo to third
|
|
Batting: LHB Phil Lerner
|
0-0: Ball 1-0: Ball 2-0: Ball 3-0: Called Strike 3-1: Foul Ball, location: 2F 3-2: Foul Ball, location: 2F 3-2: Strikes out swinging
|
|
Batting: RHB Ryan Tatum
|
0-0: Ball 1-0: Foul Ball, location: 2F 1-1: Foul Ball, location: 2F 1-2: Foul Ball, location: 2F 1-2: Ground out 6-3 (Groundball, 6, EV 90.0 MPH)
|
| Bottom of the 3rd over - 4 runs, 3 hits, 2 errors, 1 left on base; Missoula 0 - San Diego (APP) 6 |
| TOP OF THE 4TH |
|
Missoula Osprey batting - Pitching for San Diego (APP) Padres : RHP Sean Fowler
|
|
Pitching: LHP Kenny Cohn
|
|
|
Batting: SHB Lee Dillon
|
0-0: Called Strike 0-1: Ball 1-1: Ball 2-1: Swinging Strike 2-2: Strikes out swinging
|
|
Batting: SHB Evan Armagost
|
0-0: Ball 1-0: Ball 2-0: Ball 3-0: Called Strike 3-1: Foul Ball, location: 2F 3-2: TRIPLE (Flyball, 78XD, EV 102.5 MPH)
|
|
Batting: SHB Blaine Peters
|
0-0: Ball 1-0: Ball 2-0: Ball 3-0: Base on Balls
|
|
Batting: LHB Enrique Ponce
|
0-0: Ball Blaine Peters steals 2nd base 1-0: Ground out U3 (Groundball, 34S, EV 80.0 MPH) Evan Armagost scores Blaine Peters to third
|
|
Batting: RHB Antonio Luisa
|
0-0: Called Strike 0-1: Ball 1-1: Foul Ball, location: 2F 1-2: Fly out, F7 (Line Drive, 7, EV 106.2 MPH)
|
| Top of the 4th over - 1 run, 1 hit, 0 errors, 1 left on base; Missoula 1 - San Diego (APP) 6 |
| BOTTOM OF THE 4TH |
|
San Diego (APP) Padres batting - Pitching for Missoula Osprey : RHP Alan Muth
|
|
Batting: LHB Hugo MacBeth
|
0-0: Ball 1-0: Ball 2-0: Ball 3-0: Base on Balls
|
|
Pitching: RHP John Petersen
|
|
|
Batting: RHB Tom Tate
|
0-0: Ball 1-0: Ball 2-0: Foul Ball, location: 2F 2-1: Ball 3-1: Foul Ball, location: 2F 3-2: Strikes out swinging
|
|
Batting: LHB Carlos Cuellar
|
0-0: Called Strike 0-1: Ball 1-1: Reached on error, E3 (Groundball, 3, EV 86.9 MPH) Hugo MacBeth to second
|
|
Batting: RHB Aaron Joseph
|
0-0: Swinging Strike 0-1: Swinging Strike 0-2: DOUBLE (Flyball, 8RXD, EV 100.6 MPH) Hugo MacBeth scores Carlos Cuellar to third Runner from 3rd tries for Home, SAFE, throw by CF to home
|
|
Batting: RHB Tyler West
|
0-0: Called Strike 0-1: Ball 1-1: Fly out, F8 (Flyball, 8RXD, EV 91.2 MPH) Runner from 2nd tags up, SAFE at 3rd, no throw by CF
|
|
Batting: RHB Max Stillo
|
0-0: Swinging Strike 0-1: Swinging Strike 0-2: Ball 1-2: Ball 2-2: Ball 3-2: SINGLE (Groundball, 4MD, EV 94.4 MPH) Aaron Joseph scores
|
|
Pitching: RHP Tom Alatas
|
|
|
Batting: RHB Brent Little
|
0-0: Called Strike 0-1: Swinging Strike 0-2: Ball 1-2: Ball 2-2: Strikes out swinging
|
| Bottom of the 4th over - 3 runs, 2 hits, 1 error, 1 left on base; Missoula 1 - San Diego (APP) 9 |
| TOP OF THE 5TH |
|
Missoula Osprey batting - Pitching for San Diego (APP) Padres : LHP Kenny Cohn
|
|
Batting: LHB Jeff Harmon
|
0-0: Ball 1-0: Ball 2-0: Ball 3-0: Called Strike 3-1: Base on Balls
|
|
Batting: RHB Sergio Manzanero
|
0-0: Swinging Strike 0-1: Foul Ball, location: 2F 0-2: Strikes out swinging
|
|
Batting: LHB Tae-geun Kwang
|
0-0: Ball 1-0: Swinging Strike 1-1: Ball 2-1: Fly out, F6 (Flyball, 4MD, EV 91.2 MPH)
|
|
Batting: RHB Ernesto Zamora
|
0-0: Ball 1-0: Ball 2-0: Called Strike 2-1: Ball 3-1: Base on Balls Jeff Harmon to second
|
|
Batting: SHB Lee Dillon
|
0-0: Ball 1-0: Called Strike 1-1: Ball 2-1: Foul Ball, location: 2F 2-2: Ball 3-2: Strikes out swinging
|
| Top of the 5th over - 0 runs, 0 hits, 0 errors, 2 left on base; Missoula 1 - San Diego (APP) 9 |
| BOTTOM OF THE 5TH |
|
San Diego (APP) Padres batting - Pitching for Missoula Osprey : RHP Tom Alatas
|
|
Batting: LHB Phil Lerner
|
0-0: Ball 1-0: Foul Ball, location: 2F 1-1: Ground out 4-3 (Groundball, 4, EV 85.6 MPH)
|
|
Batting: RHB Ryan Tatum
|
0-0: SINGLE (Groundball, 34D, EV 97.5 MPH)
|
|
Batting: LHB Hugo MacBeth
|
0-0: Ball 1-0: Called Strike 1-1: Ball 2-1: Swinging Strike 2-2: Fly out, F7 (Line Drive, 78M, EV 94.4 MPH)
|
|
Batting: RHB Tom Tate
|
0-0: Ball 1-0: 2-RUN HOME RUN (Line Drive, 9D, EV 99.4 MPH), Distance : 387 ft
|
|
Batting: LHB Carlos Cuellar
|
0-0: Swinging Strike 0-1: Ground out U3 (Groundball, 3, EV 103.8 MPH)
|
| Bottom of the 5th over - 2 runs, 2 hits, 0 errors, 0 left on base; Missoula 1 - San Diego (APP) 11 |
| TOP OF THE 6TH |
|
Missoula Osprey batting - Pitching for San Diego (APP) Padres : LHP Kenny Cohn
|
|
Batting: SHB Evan Armagost
|
0-0: Ball 1-0: Called Strike 1-1: Hit by Pitch
|
|
Batting: SHB Blaine Peters
|
0-0: Called Strike 0-1: DOUBLE (Groundball, 5L, EV 104.4 MPH) Evan Armagost to third Runner from 3rd tries for Home, SAFE, throw by LF to home
|
|
Batting: LHB Enrique Ponce
|
0-0: Ball 1-0: Ball 2-0: Ball 3-0: Base on Balls
|
|
Pitching: RHP Nick Goodlow
|
|
|
Batting: RHB Antonio Luisa
|
0-0: Ball Blaine Peters steals 3rd base 1-0: Ground out 5-3 (Groundball, 56S, EV 65.0 MPH) Blaine Peters scores Enrique Ponce to second
|
|
Batting: LHB Jeff Harmon
|
0-0: Foul Ball, location: 2F 0-1: Fly out, F4 (Line Drive, 4, EV 73.8 MPH)
|
|
Batting: RHB Sergio Manzanero
|
0-0: Ball 1-0: Called Strike 1-1: Foul Ball, location: 2F 1-2: Foul Ball, location: 2F 1-2: Ball 2-2: Ground out 4-3 (Groundball, 4M, EV 78.1 MPH)
|
| Top of the 6th over - 2 runs, 1 hit, 0 errors, 1 left on base; Missoula 3 - San Diego (APP) 11 |
| BOTTOM OF THE 6TH |
|
San Diego (APP) Padres batting - Pitching for Missoula Osprey : RHP Tom Alatas
|
|
Batting: RHB Aaron Joseph
|
0-0: Ball 1-0: Reached on error, E6 (Groundball, 56, EV 91.2 MPH)
|
|
Batting: RHB Tyler West
|
0-0: Called Strike 0-1: 2-RUN HOME RUN (Flyball, 89XD, EV 111.2 MPH), Distance : 414 ft
|
|
Pitching: RHP Edwin Romero
|
|
|
Batting: RHB Max Stillo
|
0-0: Swinging Strike 0-1: Ball 1-1: Foul Ball, location: 2F 1-2: Ball 2-2: Foul Ball, location: 2F 2-2: Foul Ball, location: 2F 2-2: Ball 3-2: Foul Ball, location: 2F 3-2: Fly out, F9 (Flyball, 9, EV 98.1 MPH)
|
|
Batting: RHB Brent Little
|
0-0: Ball 1-0: Ball 2-0: Ball 3-0: Base on Balls
|
|
Batting: LHB Phil Lerner
|
0-0: Ball 1-0: Fly out, F9 (Flyball, 9LM, EV 90.0 MPH)
|
|
Batting: RHB Ryan Tatum
|
0-0: Ball 1-0: Ball 2-0: Called Strike 2-1: Ball 3-1: Base on Balls Brent Little to second
|
|
Batting: LHB Hugo MacBeth
|
0-0: Ball 1-0: Called Strike 1-1: Ball Wild Pitch! Brent Little to third Ryan Tatum to second 2-1: Foul Ball, location: 2F 2-2: Foul Ball, location: 2F 2-2: Fly out, F7 (Line Drive, 7, EV 94.4 MPH)
|
| Bottom of the 6th over - 2 runs, 1 hit, 1 error, 2 left on base; Missoula 3 - San Diego (APP) 13 |
| TOP OF THE 7TH |
|
Missoula Osprey batting - Pitching for San Diego (APP) Padres : RHP Nick Goodlow
|
|
Batting: LHB Tae-geun Kwang
|
0-0: Ball 1-0: Ball 2-0: Ball 3-0: Base on Balls
|
|
Batting: RHB Ernesto Zamora
|
0-0: Ball 1-0: Fly out, F8 (Flyball, 89M, EV 95.6 MPH)
|
|
Batting: SHB Lee Dillon
|
0-0: Ball 1-0: Ball 2-0: Ball 3-0: Base on Balls Tae-geun Kwang to second
|
|
Batting: SHB Evan Armagost
|
0-0: Fielders Choice at 2nd, 6-4 (Groundball, 6, EV 98.8 MPH) Tae-geun Kwang to third
|
|
Batting: SHB Blaine Peters
|
0-0: Called Strike 0-1: Ball 1-1: Ball 2-1: Foul Ball, location: 2F 2-2: Fly out, F6 (Popup, 6MS, EV 70.6 MPH)
|
| Top of the 7th over - 0 runs, 0 hits, 0 errors, 2 left on base; Missoula 3 - San Diego (APP) 13 |
| BOTTOM OF THE 7TH |
|
San Diego (APP) Padres batting - Pitching for Missoula Osprey : RHP Edwin Romero
|
|
Batting: RHB Tom Tate
|
0-0: Ball 1-0: Ball 2-0: Ball 3-0: Called Strike 3-1: Swinging Strike 3-2: Foul Ball, location: 2F 3-2: Base on Balls
|
|
Pinch Hitting: LHB Ramon Padilla
|
0-0: DOUBLE (Flyball, 8RXD, EV 110.6 MPH) Tom Tate to third
|
|
Batting: RHB Aaron Joseph
|
0-0: Called Strike 0-1: Ball 1-1: Foul Ball, location: 2F 1-2: Ground out 6-3 (Groundball, 6, EV 98.1 MPH) Tom Tate scores
|
|
Batting: RHB Tyler West
|
0-0: Ball Balk! Ramon Padilla to third 1-0: Ball 2-0: Called Strike 2-1: Ball 3-1: Called Strike 3-2: Base on Balls
|
|
Batting: RHB Max Stillo
|
0-0: Foul Ball, location: 2F 0-1: Called Strike 0-2: Ball 1-2: Strikes out looking
|
|
Batting: RHB Brent Little
|
Balk! Ramon Padilla scores Tyler West to second 0-0: Ball 1-0: Ball 2-0: Called Strike 2-1: Foul Ball, location: 2F 2-2: Ball 3-2: Fly out, F8 (Flyball, 78S, EV 97.5 MPH)
|
| Bottom of the 7th over - 2 runs, 1 hit, 0 errors, 1 left on base; Missoula 3 - San Diego (APP) 15 |
| TOP OF THE 8TH |
|
Missoula Osprey batting - Pitching for San Diego (APP) Padres : RHP Nick Goodlow
|
|
Now in LF: Ramon Padilla
|
|
|
Batting: LHB Enrique Ponce
|
0-0: Ball 1-0: Called Strike 1-1: Ball 2-1: Ball 3-1: Base on Balls
|
|
Pitching: RHP Roger Brennan
|
|
|
Pinch Hitting: RHB Jonathan Mora
|
0-0: Called Strike 0-1: Foul Ball, location: 2F 0-2: Ball 1-2: Foul Ball, location: 2F 1-2: Foul Ball, location: 2F 1-2: Ball 2-2: Ball 3-2: Strikes out swinging
|
|
Batting: LHB Jeff Harmon
|
0-0: Called Strike 0-1: Fly out, F5 (Line Drive, 5, EV 69.4 MPH)
|
|
Pinch Hitting: SHB Roger Holmes
|
0-0: Ball 1-0: Swinging Strike 1-1: SINGLE (Line Drive, 89M, EV 86.2 MPH) Enrique Ponce to second
|
|
Batting: LHB Tae-geun Kwang
|
0-0: Called Strike 0-1: Fly out, F5 (Popup, 5SF, EV 84.4 MPH)
|
| Top of the 8th over - 0 runs, 1 hit, 0 errors, 2 left on base; Missoula 3 - San Diego (APP) 15 |
| BOTTOM OF THE 8TH |
|
San Diego (APP) Padres batting - Pitching for Missoula Osprey : RHP Edwin Romero
|
|
Pitching: LHP Dillon Rizzuto
|
|
|
Now at 1B: Jonathan Mora
|
|
|
Now at 2B: Roger Holmes
|
|
|
Batting: LHB Phil Lerner
|
0-0: Ball 1-0: DOUBLE (Groundball, 3L, EV 107.5 MPH)
|
|
Batting: RHB Ryan Tatum
|
0-0: Ball 1-0: SINGLE (Groundball, 6MD, EV 102.5 MPH) Phil Lerner to third Runner from 3rd tries for Home, SAFE, throw by CF to home
|
|
Batting: LHB Hugo MacBeth
|
0-0: Fly out, F4 (Popup, 23, EV 86.9 MPH)
|
|
Batting: RHB Tom Tate
|
Pickoff Throw to First - Error! E1 Ryan Tatum to second 0-0: 2-RUN HOME RUN (Flyball, 7D, EV 98.8 MPH), Distance : 383 ft
|
|
Batting: LHB Ramon Padilla
|
0-0: Ball 1-0: Ground out 5-3 (Groundball, 56S, EV 83.1 MPH)
|
|
Batting: RHB Aaron Joseph
|
0-0: Ball 1-0: Ball 2-0: Foul Ball, location: 2F 2-1: Ball 3-1: Base on Balls
|
|
Batting: RHB Tyler West
|
0-0: Called Strike 0-1: Ball 1-1: Ball 2-1: Ball 3-1: Base on Balls Aaron Joseph to second
|
|
Batting: RHB Max Stillo
|
0-0: Called Strike 0-1: Fly out, F4 (Flyball, 3D, EV 90.6 MPH)
|
| Bottom of the 8th over - 3 runs, 3 hits, 1 error, 2 left on base; Missoula 3 - San Diego (APP) 18 |
| TOP OF THE 9TH |
|
Missoula Osprey batting - Pitching for San Diego (APP) Padres : RHP Roger Brennan
|
|
Batting: RHB Ernesto Zamora
|
0-0: Called Strike 0-1: Foul Ball, location: 2F 0-2: Ball 1-2: Ball 2-2: Ground out 3-1 (Groundball, 34, EV 84.4 MPH)
|
|
Batting: SHB Lee Dillon
|
0-0: Called Strike 0-1: SINGLE (Line Drive, 56, EV 103.1 MPH)
|
|
Batting: SHB Evan Armagost
|
0-0: Ball 1-0: Ball 2-0: Foul Ball, location: 2F 2-1: Fielders Choice at 2nd, 2-4 (Groundball, 15S, EV 66.9 MPH)
|
|
Batting: SHB Blaine Peters
|
0-0: Fielders Choice at 2nd, U4 (Groundball, 4M, EV 90.0 MPH)
|
| Top of the 9th over - 0 runs, 1 hit, 0 errors, 1 left on base; Missoula 3 - San Diego (APP) 18 |
|